Map: Site Delta LE

Players

LiquidClem (Clem) - Winner!

  • Race: Terran Terran
  • League: Grandmaster
  • Spawn Location: 11:00

Fjant

  • Race: Zerg Zerg
  • League: Grandmaster
  • Spawn Location: 5:00

Event: HomeStory Cup XXV

VOD

Have the link to the VOD?

Description

Time

  • Played on: June 21, 2024, 7:53 a.m.
  • Length: 5:56

All games in this series

Show
View Real Time Build Order
Export as new Build Order

LiquidClem Terran - Winner!

Build Orders:  

Get SALT Encoding   

  12  0:00  SCV  
  13  0:12  SCV  
  14  0:17  Supply Depot  
  14  0:24  SCV  
  15  0:39  SCV  
  15  0:40  Barracks  
  16  0:44  Refinery  
  16  0:51  SCV  
  17  0:59  Barracks  
  18  1:04  SCV  
  18  1:16  SCV  
  19  1:28  Orbital Command, Reaper  
  19  1:30  Supply Depot  
  20  1:48  Reaper  
  20  1:53  SCV  
  22  2:04  Reaper  
  22  2:08  Command Center  
  23  2:10  SCV  
  24  2:16  Refinery  
  24  2:22  SCV  
  26  2:34  SCV  
  26  2:44  Factory  
  26  2:46  SCV  
  27  2:51  Command Center  
  27  2:57  Barracks Tech Lab, Barracks Reactor  
  27  3:02  SCV  
  28  3:14  SCV  
  28  3:18  Marine  
  31  3:24  Orbital Command, Stimpack  
  31  3:26  SCV  
  31  3:33  Starport  
  31  3:34  Marine  
  31  3:37  Marine  
  31  3:38  SCV  
  31  3:40  Marine  
  35  3:45  Factory Reactor  
  35  3:50  SCV  
  35  3:51  SCV  
  37  3:56  Marine x2  
  37  3:58  Marine  
  41  4:02  SCV  
  41  4:03  Orbital Command, SCV  
  42  4:13  Marine  
  42  4:14  Marine  
  42  4:15  SCV  
  42  4:16  Marine  
  46  4:17  SCV  
  46  4:19  Supply Depot  
  47  4:25  Orbital Command, Medivac  
  47  4:27  SCV, Medivac  
  47  4:28  Factory Tech Lab  
  47  4:30  SCV  
  53  4:34  Marine x3  
  56  4:39  SCV  
  56  4:41  Refinery  
  56  4:42  SCV  
  58  4:46  Engineering Bay x2  
  58  4:51  SCV, Marine  
  58  4:52  Supply Depot, Marine  
  61  4:54  Siege Tank  
  61  4:57  Marine  
  65  5:00  SCV  
  66  5:07  SCV  
  66  5:09  Marine x2  
  66  5:13  SCV  
  69  5:14  Marine  
  69  5:19  SCV  
  69  5:23  SCV  
  69  5:24  Supply Depot  
  69  5:27  SCV, Marine  
  72  5:29  Barracks  
  72  5:34  Marine  
  76  5:36  SCV  
  76  5:39  Refinery  
  77  5:42  Supply Depot  
  81  5:50  Supply Depot  
Show
View Real Time Build Order
Export as new Build Order

Fjant Zerg 

Build Orders: Hatch First, Roach Nydus 

Get SALT Encoding   

  12  0:00  Drone  
  13  0:13  Overlord  
  13  0:17  Drone  
  14  0:32  Drone x2  
  16  0:47  Hatchery  
  15  0:51  Drone  
  15  0:55  Drone  
  17  0:58  Drone  
  18  1:08  Extractor  
  17  1:14  Spawning Pool  
  17  1:17  Drone  
  17  1:22  Drone  
  18  1:29  Drone  
  19  1:41  Drone  
  20  1:50  Drone  
  21  2:01  Zergling x2, Queen x2  
  23  2:02  Zergling x2  
  27  2:12  Overlord  
  27  2:14  Metabolic Boost  
  27  2:16  Drone  
  28  2:34  Drone  
  28  2:37  Drone  
  29  2:40  Queen  
  29  2:43  Zergling x2  
  32  2:44  Overlord  
  32  2:45  Drone x2  
  34  2:57  Queen  
  35  2:59  Zergling x2  
  36  3:08  Zergling x2  
  36  3:12  Drone x2  
  36  3:15  Zergling x4  
  36  3:20  Lair  
  36  3:23  Roach Warren  
  36  3:24  Zergling x2  
  36  3:25  Zergling x2  
  36  3:28  Drone x2  
  36  3:31  Extractor  
  37  3:46  Drone x3  
  39  3:57  Hatchery  
  38  4:11  Overlord  
  38  4:12  Queen  
  40  4:18  Nydus Network  
  40  4:20  Roach x2  
  40  4:23  Overlord  
  43  4:32  Roach x3  
  43  4:36  Overlord  
  49  4:44  Roach  
  51  4:48  Zergling x6  
  54  4:56  Nydus Canal  
  49  5:00  Roach x2  
  50  5:18  Drone  
  50  5:30  Nydus Canal  
  50  5:34  Zergling x4  
  50  5:35  Zergling x2  
  53  5:39  Drone  
  54  5:45  Nydus Canal  
Tags
 
Add a new tag
Caveats
  • Supply blocks, unpowered buildings, or Contaminate may cause inaccurate times.
  • Supply counts are checked every 10 seconds.